 Dungeon Crawl Stone Soup version 0.20.1-1-g8b1a95d (webtiles) character file.

1993 Gargoyl the Cleaver (level 9, -6/78 HPs)
             Began as a Minotaur Abyssal Knight on Aug 17, 2017.
             Was an Elder of Lugonu.
             Mangled by a two-headed ogre
             ... wielding a +0 giant club
              (12 damage)
             ... on level 6 of the Dungeon.
             The game lasted 00:10:56 (4682 turns).

Gargoyl the Cleaver (Minotaur Abyssal Knight)       Turns: 4682, Time: 00:10:57

Health: -6/78      AC: 15    Str: 22    XL:     9   Next: 1%
Magic:  11/11      EV:  9    Int:  9    God:    Lugonu [****..]
Gold:   67         SH:  0    Dex: 12    Spells: 8/8 levels left

rFire    + . .     SeeInvis .   g - +1 war axe
rCold    . . .     Gourm    .   (no shield)
rNeg     . . .     Faith    .   h - +3 chain mail {rF+}
rPois    .         Spirit   .   (helmet restricted)
rElec    .         Reflect  .   f - +0 cloak {MR+}
rCorr    .         Harm     .   (no gloves)
MR       +....                  (no boots)
Stlth    ..........             (no amulet)
Regen    0.3/turn               w - +4 ring of strength
MPRegen  0.2/turn               (no ring)

@: no status effects
A: retaliatory headbutt, horns 2
a: Depart the Abyss, Bend Space, Banish, Corrupt, Renounce Religion


You were on level 6 of the Dungeon.
You worshipped Lugonu.
Lugonu was greatly pleased with you.
You were not hungry.

You visited 1 branch of the dungeon, and saw 6 of its levels.
You visited the Abyss 1 time.

You collected 127 gold pieces.
You spent 60 gold pieces at shops.

Inventory:

Hand Weapons
 a - a +1 hand axe
 g - a +1 war axe (weapon)
Missiles
 e - 5 silver tomahawks (quivered)
Armour
 f - a +0 cloak of magic resistance (worn)
 h - a +3 chain mail of fire resistance (worn)
Jewellery
 w - a +4 ring of strength (left hand)
Wands
 t - a wand of iceblast (10/15)
Scrolls
 b - a scroll of teleportation
 j - a scroll of fear
 l - a scroll of fog
 r - a scroll of amnesia
 v - 2 scrolls of enchant armour {unknown}
 x - a scroll of identify
 y - a scroll of recharging
Potions
 d - a potion of haste
 k - a potion of agility {unknown}
 m - 2 potions of mutation {unknown}
 n - a potion of degeneration {unknown}
 o - a potion of lignification {unknown}
 q - a potion of cancellation {unknown}
 u - a potion of ambrosia {unknown}
Comestibles
 c - 5 bread rations
 i - 3 royal jellies
 s - a meat ration


   Skills:
 + Level 6.5 Fighting
 + Level 8.4 Axes
 * Level 8.3 Armour
 + Level 2.5 Dodging
 * Level 5.0 Invocations


You had 8 spell levels left.
You didn't know any spells.

Dungeon Overview and Level Annotations

Branches:
Dungeon (6/15)             Temple (0/1) D:4

Altars:
Elyvilon
Fedhas
Yredelemnul
Zin
The Shining One

Shops:
D:4 !


Innate Abilities, Weirdness & Mutations

You reflexively headbutt those who attack you in melee.
You have a pair of horns on your head.


Message History

You headbutt the leopard gecko!
You kill the leopard gecko!
Lugonu accepts your kill.
You slash the two-headed ogre!
The two-headed ogre is almost dead.
The two-headed ogre hits you but does no damage.
The two-headed ogre hits you with a giant club!
* * * LOW HITPOINT WARNING * * *
You feel much better.
The two-headed ogre hits you with a giant club!!
* * * LOW HITPOINT WARNING * * *
The two-headed ogre hits you but does no damage.
Press: ? - help, Shift-Dir - straight line, f - two-headed ogre
Aim: a two-headed ogre, wielding two giant clubs (almost dead, chance to defeat MR: 70%)
You fail to use your ability.
Press: ? - help, Shift-Dir - straight line, f/p - two-headed ogre
Aim: a two-headed ogre, wielding two giant clubs (almost dead, chance to defeat MR: 70%)
You fail to use your ability.
The two-headed ogre hits you with a giant club!
You die...

##....... .........
##########.#......
#........#.#......
#........#........
##.................
...................
..........†@.......
.........÷O........
.#.................
...........###.....
...............##..
###..##.....#### #
#.......#....
...........####
...##....###


You could see a two-headed ogre.

Vanquished Creatures
  Pikel (D:5)
  The ghost of Cral the Chiller, a novice OpIE (D:5)
  Sigmund (D:5)
  2 phantoms
  An ogre (D:5)
  A bullfrog (D:6)
  2 wyvern skeletons (D:6)
  A killer bee (D:5)
  A howler monkey (D:6)
  A crimson imp (D:5)
  3 hounds
  Crazy Yiuf (D:5)
  Jessica (D:3)
  2 iguanas
  A bullfrog skeleton (D:5)
  2 worker ants (D:4)
  Robin (D:2)
  11 gnolls
  7 adders
  A shadow imp (D:6)
  An ufetubus (Abyss:2)
  2 oozes
  2 worms (D:2)
  5 dart slugs
  9 leopard geckos
  10 orcs (D:3)
  3 ball pythons
  5 giant cockroaches
  20 goblins
  9 hobgoblins
  8 jackals
  5 quokkas
  10 bats
  7 frilled lizards
  A jackal zombie (D:5)
  9 kobolds
  9 rats
157 creatures vanquished.

Vanquished Creatures (others)
  A crimson imp (D:5)
  A hound skeleton (D:5)
  A giant cockroach (D:5)
  2 fungi (D:5)
5 creatures vanquished.

Grand Total: 162 creatures vanquished

Notes
Turn   | Place    | Note
-------+----------+-------------------------------------------
     0 | Abyss:1  | Gargoyl the Minotaur Abyssal Knight began the quest for the Orb.
     0 | Abyss:1  | Reached XP level 1. HP: 19/19 MP: 1/1
    70 | Abyss:1  | Noticed a large abomination
    70 | Abyss:1  | Noticed a spatial maelstrom
    70 | Abyss:1  | Noticed a large abomination
    91 | Abyss:2  | Noticed an earth elemental
   113 | Abyss:2  | Noticed a large abomination
   181 | Abyss:2  | Noticed a large abomination
   212 | Abyss:2  | Noticed a smoke demon
   213 | Abyss:2  | Noticed a worldbinder
   213 | D:1      | Escaped the Abyss
   254 | D:1      | Reached XP level 2. HP: 27/27 MP: 2/2
   267 | D:1      | Reached * piety under Lugonu
   405 | D:1      | Reached XP level 3. HP: 32/34 MP: 3/3
   701 | D:2      | Noticed Robin
   705 | D:2      | Reached ** piety under Lugonu
   711 | D:2      | Killed Robin
   711 | D:2      | Reached XP level 4. HP: 21/41 MP: 4/4
  1413 | D:2      | Found a glowing golden altar of the Shining One.
  1602 | D:3      | Reached *** piety under Lugonu
  1739 | D:3      | Reached XP level 5. HP: 44/47 MP: 5/5
  1801 | D:3      | Noticed Jessica
  1806 | D:3      | Killed Jessica
  2288 | D:3      | Found a basalt altar of Yredelemnul.
  2290 | D:3      | Reached **** piety under Lugonu
  2304 | D:3      | Reached skill level 5 in Fighting
  2304 | D:3      | Reached XP level 6. HP: 36/56 MP: 7/7
  2478 | D:4      | Reached skill level 5 in Axes
  2489 | D:4      | Found a blossoming altar of Fedhas.
  2783 | D:4      | Found Raij's Distillery.
  2791 | D:4      | Bought a potion of heal wounds for 60 gold pieces
  2916 | D:4      | Found a staircase to the Ecumenical Temple.
  3173 | D:4      | Reached skill level 5 in Armour
  3173 | D:4      | Reached XP level 7. HP: 58/61 MP: 8/8
  3243 | D:5      | Entered Level 5 of the Dungeon
  3280 | D:5      | Noticed Sigmund
  3285 | D:5      | Killed Sigmund
  3673 | D:5      | Found a glowing silver altar of Zin.
  3713 | D:5      | Noticed Pikel
  3724 | D:5      | Killed Pikel
  3724 | D:5      | Reached XP level 8. HP: 70/70 MP: 8/10
  3749 | D:5      | Found a white marble altar of Elyvilon.
  3971 | D:5      | Noticed Cral's ghost (novice OpIE)
  3979 | D:5      | Killed Cral's ghost
  4338 | D:5      | Found a runed door.
  4342 | D:5      | Noticed Crazy Yiuf
  4348 | D:5      | Killed Crazy Yiuf
  4434 | D:6      | Reached skill level 5 in Invocations
  4451 | D:6      | Reached XP level 9. HP: 27/78 MP: 11/11
  4470 | D:6      | Noticed a two-headed ogre
  4682 | D:6      | Mangled by a two-headed ogre

Skill      XL: |  1  2  3  4  5  6  7  8 |
---------------+-------------------------+-----
Fighting       | 4 5 6 |  6.5
Axes           | 3 4 5 7 8 |  8.4
Armour         | 3 4 5 6 8 |  8.3
Invocations    | 2 3 4 5 |  5.0
Dodging        | 2 |  2.5

Action                   |  1- 3 |  4- 6 |  7- 9 || total
-------------------------+-------+-------+-------++-------
Melee: Hand axe          |    68 |    59 |       ||   127
       Headbutt          |     8 |    25 |    24 ||    57
       War axe           |       |   118 |   110 ||   228
Invok: Depart the Abyss  |     1 |       |       ||     1
  Use: Scroll            |     5 |     8 |       ||    13
       Potion            |     2 |       |     2 ||     4
  Eat: Chunk             |       |     7 |     5 ||    12
Armor: Chain mail        |    89 |   174 |    83 ||   346
Dodge: Dodged            |    43 |   112 |    55 ||   210
